 Dungeon Crawl Stone Soup version 0.29.1-14-g9c671dbff4 (webtiles) character file.

Game seed: 13049753880655629652

114744 KamiKatze the Eclecticist (level 16, -4/92 HPs)
             Began as a Deep Elf Conjurer on Feb 11, 2023.
             Was a High Priest of Vehumet.
             Succumbed to Nessos's poison
             ... on level 14 of the Dungeon on Feb 13, 2023.
             The game lasted 02:14:15 (26412 turns).

KamiKatze the Eclecticist (Deep Elf Conjurer)      Turns: 26412, Time: 02:14:16

Health: -4/92      AC:  7    Str:  7    XL:     16   Next: 17%
Magic:  40/40      EV: 14    Int: 32    God:    Vehumet [*****.]
Gold:   663        SH:  4    Dex: 13    Spells: 14/52 levels left

rFire   + . .      SeeInvis .   a - +7 long sword "Bocs" {freeze, *Rage rElec Will++ rCorr}
rCold   + + .      Faith    .   T - +0 buckler
rNeg    + . .      Spirit   .   C - +2 robe {Will+}
rPois   .          Reflect  .   j - +0 helmet
rElec   +          Harm     .   D - scarf {rC+ rF+}
rCorr   +          Rampage  .   Q - +0 pair of gloves
Will    ++++.      Rage     20% P - +0 pair of boots
Stlth   ++++......              v - amulet of magic regeneration
HPRegen 0.25/turn               X - ring "Jauvih" {Wiz rCorr Str+3}
MPRegen 0.67/turn               R - ring "Oclosm" {rElec rC+ rN+}

@: lethally poisoned (-4 -> -38)
A: no striking features
a: Renounce Religion


You were on level 14 of the Dungeon.
You worshipped Vehumet.
Vehumet was extremely pleased with you.
You visited 4 branches of the dungeon, and saw 22 of its levels.
You also visited: Sewer, Bailey and Gauntlet.

You collected 2251 gold pieces.
You spent 1588 gold pieces at shops.

Inventory:

Hand Weapons
 a - the +7 long sword "Bocs" (weapon) {freeze, *Rage rElec Will++ rCorr}
   (You found it on level 5 of the Dungeon)

   It freezes those it strikes, dealing additional cold damage.
   It can also slow down cold-blooded creatures.
   rElec:     It insulates you from electricity.
   *Rage:     It berserks you when you make melee attacks (+20% chance).
   rCorr:     It protects you from acid and corrosion.
   Will:      It greatly increases your willpower.
 b - a +7 short sword of venom
 x - the +5 mace of Grandeur {vorpal, Fly rC+}
   (You found it on level 13 of the Dungeon)

   It inflicts extra damage upon your enemies.
   rC:        It protects you from cold.
   Fly:       It grants you flight.
Missiles
 s - 26 poisoned darts (quivered)
 u - 6 throwing nets
 y - 16 curare-tipped darts
Armour
 j - a +0 helmet (worn)
 C - a +2 robe of willpower (worn)
 D - a scarf of resistance (worn)
 P - a +0 pair of boots (worn)
 Q - a +0 pair of gloves (worn)
 T - a +0 buckler (worn)
 V - a +2 robe of resistance
Magical Staves
 i - a staff of earth
 J - a staff of cold
 O - a staff of poison
Jewellery
 c - a +6 ring of dexterity
 v - an amulet of magic regeneration (around neck)
 R - the ring "Oclosm" (right hand) {rElec rC+ rN+}
   (You bought it in a shop on level 2 of the Orcish Mines)

   [ring of positive energy]

   rC:        It protects you from cold.
   rElec:     It insulates you from electricity.
   rN:        It protects you from negative energy.
 U - a ring of wizardry
 X - the ring "Jauvih" (left hand) {Wiz rCorr Str+3}
   (You found it in a Gauntlet)

   [ring of wizardry]

   It improves your spell success rate.
   Str:       It affects your strength (+3).
   rCorr:     It protects you from acid and corrosion.
Wands
 h - a wand of digging (5)
 z - a wand of paralysis (19)
 A - a wand of roots (29)
 E - a wand of flame (54)
 I - a wand of mindburst (7)
Scrolls
 f - 7 scrolls of enchant armour
 g - 11 scrolls of teleportation
 n - 4 scrolls of immolation
 B - 5 scrolls of fear
 F - 2 scrolls of silence
 H - 3 scrolls of butterflies
 L - 5 scrolls of summoning
 M - a scroll of vulnerability
 N - 2 scrolls of blinking
 S - a scroll of amnesia
 Z - a scroll of brand weapon
Potions
 d - 7 potions of heal wounds
 e - 6 potions of invisibility
 k - 5 potions of cancellation
 l - 4 potions of lignification
 m - 2 potions of magic
 o - 4 potions of haste
 p - 3 potions of resistance
 q - a potion of flight
 r - a potion of berserk rage
 t - 5 potions of ambrosia
 w - 8 potions of curing
 G - 3 potions of might
 K - 3 potions of brilliance
Miscellaneous
 W - a tin of tremorstones (2/2)


   Skills:
 + Level 7.8 Fighting
 - Level 2.0 Throwing
 - Level 6.0 Dodging
 - Level 10.0 Stealth
 * Level 1.0 Shields
 * Level 18.8 Spellcasting
 * Level 16.3 Conjurations
 - Level 10.0 Hexes
 - Level 10.0 Translocations
 - Level 3.0 Transmutations
 * Level 7.2 Fire Magic
 * Level 3.4 Earth Magic
 - Level 3.0 Poison Magic
 - Level 3.0 Evocations


You had 14 spell levels left.
You knew the following spells:

 Your Spells              Type           Power      Damage    Failure   Level
a - Magic Dart            Conj           100%       1d8       0%          1
b - Searing Ray           Conj           100%       2d8       0%          2
c - Fulminant Prism       Conj/Hex       42%        3d20      1%          4
d - Iskenderun's Mystic   Conj/Tloc      85%        2d17      1%          4
e - Fireball              Conj/Fire      40%        3d16      1%          5
f - Iron Shot             Conj/Erth      38%        9d8       1%          6
g - Conjure Ball Lightni  Conj/Air       35%        3x3d11    1%          6
h - Orb of Destruction    Conj           47%        9d12      1%          7
p - Ignite Poison         Fire/Tmut/Pois 55%        N/A       1%          3

Your spell library contained the following spells:

 Spells                   Type           Power      Damage    Failure   Level
 Dazzling Flash           Conj/Hex       100%       N/A       0%          3
 Apportation              Tloc           100%       N/A       1%          1
 Necrotise                Necr           100%       1d9       1%          1
 Summon Small Mammal      Summ           100%       N/A       1%          1
 Blink                    Tloc           100%       N/A       1%          2
 Ensorcelled Hibernation  Hex/Ice        100%       N/A       1%          2
 Passwall                 Tmut/Erth      41%        N/A       1%          2
 Scorch                   Fire           100%       2d10      1%          2
 Call Canine Familiar     Summ           30%        N/A       1%          3
 Frozen Ramparts          Ice            60%        1d10      1%          3
 Gell's Gravitas          Tloc           76%        N/A       1%          3
 Inner Flame              Hex/Fire       71%        N/A       1%          3
 Portal Projectile        Hex/Tloc       100%       N/A       1%          3
 Stone Arrow              Conj/Erth      100%       3d13      1%          3
 Summon Guardian Golem    Hex/Summ       58%        N/A       1%          3
 Swiftness                Air            30%        N/A       1%          3
 Irradiate                Conj/Tmut      37%        3d24      1%          5
 Iskenderun's Battlesphe  Conj           94%        2d14      1%          5
 Manifold Assault         Tloc           76%        N/A       1%          5
 Ice Form                 Ice/Tmut       39%        N/A       3%          4
 Blade Hands              Tmut           24%        N/A       6%          5
 Spellforged Servitor     Conj/Summ      35%        N/A       6%          7
 Animate Dead             Necr           30%        N/A       7%          4
 Summon Ice Beast         Ice/Summ       30%        N/A       7%          4
 Borgnjor's Vile Clutch   Necr/Erth      20%        N/A       9%          5
 Disjunction              Tloc           38%        N/A       56%         8
 Death Channel            Necr           15%        N/A       67%         6
 Dragon Form              Tmut           24%        N/A       82%         7
 Storm Form               Tmut/Air       19%        N/A       95%         7


Dungeon Overview and Level Annotations

Branches:
Dungeon (14/15)            Temple (1/1) D:7            Lair (5/5) D:10
 Shoals (0/4) Lair:2       Spider (0/4) Lair:3        Slime (0/5) Lair:4
    Orc (2/2) D:9             Elf (0/3) Orc:2        Vaults (0/5) D:14
  Sewer (visited)          Bailey (visited)         Gauntlet (visited)

Altars:
Ashenzari
Cheibriados
Dithmenos
Elyvilon
Fedhas
Gozag
Hepliaklqana
Kikubaaqudgha
Makhleb
Nemelex Xobeh
Okawaru
Qazlal
Ru
Sif Muna
Trog
Uskayaw
Vehumet
Wu Jian
Xom
Yredelemnul
Zin
The Shining One

Shops:
D:10 (   D:12 !*=!!   Orc:2 :(((:?=!(

Portals:
Trove: D:10 (give +5 demon whip)

Annotations:
D:5 2 runed translucent doors, exclusion: 2 doors, kalagan's ghost, novice DECj
D:8 2 runed translucent doors, exclusion: 2 doors, Zippel's ghost, novice HuWn
D:11 2 runed translucent doors, exclusion: 2 doors, Henri's ghost, journeyman SpAM
D:14 Nessos


Message History

The blast of lightning engulfs the orc knight!
The orc knight is almost dead.
The blast of lightning engulfs you. You resist.
The blast of lightning engulfs the orc knight!
The orc knight is moderately wounded.
The orc knight hits you with a +0 great sword!!
* * * LOW HITPOINT WARNING * * *
The human hits you.
* * * LOW HITPOINT WARNING * * *
The orc knight roars a battlecry!
The orc knight goes into a battle-frenzy!
Nessos wields a +3 longbow of flaming.
It bursts into flame!
Nessos shoots an arrow.
The arrow closely misses you.
Your fulminant prism explodes!
You hear a bark! x2
Casting: Orb of Destruction (dangerous; 1% risk of failure)
Confirm with . or Enter, or press ? or * to list all spells.
You erupt in a blast of force!
The mystic blast hits the human!!
You kill the human!
Vehumet accepts your kill.
You feel your power returning.
The mystic blast hits the orc knight!!
You kill the orc knight!
Vehumet accepts your kill.
You feel your power returning.
The mystic blast hits the orc knight!!
The orc knight is severely wounded.
The orc knight is knocked back by the mystic blast.
The mystic blast hits the human!!
You kill the human!
Vehumet accepts your kill.
The mystic blast hits the human!
You kill the human!
Vehumet accepts your kill.
You feel your power returning.
Nessos shoots an arrow.
The arrow hits you!!
* * * LOW HITPOINT WARNING * * *
The arrow burns you.
You are lethally poisoned!
* * * LOW HITPOINT WARNING * * *
Your Shields skill increases to level 1!
Unknown command.
You die...

.....#####....#
..............#
.......<......#
..#######.....#
#.............#
#.............#
#.....†.†......
#......).......
#...†).@∩†o....
#......><......
#..............
#..............
#..............
...............
...........#...
c..........#..#


You could see Nessos and an orc knight (strong).

Vanquished Creatures
  Rupert (Lair:5)
  Kirke (Lair:3)
  An orc warlord (Orc:1)
  A minotaur (Gauntlet)
  Josephine (Lair:5)
  An ettin (Orc:1)
  Harold (Lair:1)
  A boulder beetle (Lair:1)
  7 hydras
  An ogre mage (Orc:1)
  9 two-headed ogres
  A catoblepas (Lair:3)
  3 centaur warriors (D:13)
  A tengu warrior (D:13)
  Urug (Lair:2)
  5 orc high priests (Orc:2)
  A hell hog (Gauntlet)
  A sixfirhy (D:13)
  A goliath frog (Lair:5)
  A fire crab (Gauntlet)
  2 orc knights
  3 oklob plants
  4 orc sorcerers (Orc:2)
  5 slime creatures (D:12)
  2 cyclopes
  4 manticores
  2 ugly things (D:13)
  4 black mambas
  11 elephants
  Maurice (D:8)
  A torpor snail (Lair:5)
  Joseph (D:7)
  2 minotaur zombies (Gauntlet)
  2 gargoyles (D:12)
  18 cane toads
  Psyche (D:9)
  An unseen horror (D:12)
  A kobold demonologist (D:13)
  8 komodo dragons
  A wind drake (Lair:2)
  2 queen bees
  2 polar bears
  2 tyrant leeches (Lair:5)
  11 trolls
  Prince Ribbit (D:6)
  Grinder (D:4)
  12 blink frogs
  A shadow (D:11)
  5 wraiths
  5 basilisks
  5 wyverns
  18 yaks
  2 redbacks (Lair:3)
  8 fire bats (Gauntlet)
  A steam dragon (D:8)
  16 humans (D:14)
  3 hogs (Lair:3)
  17 vampire mosquitoes
  Edmund (D:6)
  An acid dragon (D:11)
  3 wargs
  5 hell hounds (Gauntlet)
  An ice beast (D:8)
  13 water moccasins
  2 sky beasts (D:7)
  A black bear (Lair:2)
  30 orc warriors
  20 ogres
  2 centaurs
  2 kobold brigands
  17 bullfrogs
  2 necrophages
  A gnoll sergeant (D:12)
  2 scorpions (D:5)
  10 wights
  32 killer bees
  5 electric eels
  6 crimson imps (D:10)
  2 howler monkeys
  33 orc priests
  2 jellies (D:7)
  A hell rat (Sewer)
  4 iguanas
  21 orc wizards
  5 gnolls (D:12)
  7 adders
  2 river rats (Sewer)
  A shadow imp (D:10)
  3 white imps
  3 worms
  4 dart slugs
  62 orcs
  7 ball pythons
  3 bats
  3 endoplasms
  3 giant cockroaches
  6 goblins
  3 hobgoblins
  4 jackals (D:3)
  6 quokkas
  4 frilled lizards
  16 kobolds
  15 rats
  A bush (Lair:5)
  A fulminant prism (Orc:1)
604 creatures vanquished.

Vanquished Creatures (collateral kills)
  2 ball lightnings (D:13)
2 creatures vanquished.

Vanquished Creatures (others)
  22 ball lightnings
  389 fulminant prisms
  51 fungi
  138 plants
600 creatures vanquished.

Grand Total: 1206 creatures vanquished

Notes
Turn   | Place    | Note
-------+----------+-------------------------------------------
     0 | D:1      | KamiKatze the Deep Elf Conjurer began the quest for the
                  | Orb.
     0 | D:1      | Reached XP level 1. HP: 10/10 MP: 6/6
   434 | D:1      | Reached XP level 2. HP: 15/15 MP: 1/8
   437 | D:1      | Learned a level 2 spell: Searing Ray
   770 | D:1      | Reached skill level 1 in Hexes
   809 | D:1      | Found a faded altar of an unknown god.
  1011 | D:2      | Reached skill level 1 in Translocations
  1011 | D:2      | Reached XP level 3. HP: 17/19 MP: 5/10
  1708 | D:3      | Reached XP level 4. HP: 23/24 MP: 5/11
  1713 | D:3      | Learned a level 4 spell: Fulminant Prism
  2035 | D:3      | Reached skill level 4 in Spellcasting
  2216 | D:3      | Reached skill level 5 in Conjurations
  2216 | D:3      | Reached XP level 5. HP: 23/28 MP: 9/13
  2749 | D:4      | Learned a level 4 spell: Iskenderun's Mystic Blast
  2757 | D:4      | Noticed Grinder
  3120 | D:4      | Killed Grinder
  3121 | D:4      | Reached skill level 5 in Spellcasting
  3121 | D:4      | Reached XP level 6. HP: 18/32 MP: 1/15
  3434 | D:4      | Found a hazy altar of Hepliaklqana.
  3437 | D:4      | Found a sacrificial altar of Ru.
  3451 | D:4      | Found a shadowy altar of Dithmenos.
  3465 | D:4      | Found a hide-covered altar of Uskayaw.
  3783 | D:5      | Entered Level 5 of the Dungeon
  3799 | D:5      | Found a glowing drain.
  3871 | Sewer    | Entered a sewer
  4135 | D:5      | Found a runed translucent door.
  4140 | D:5      | Noticed kalagan's ghost (novice DECj)
  4151 | D:5      | Reached XP level 7. HP: 36/36 MP: 9/17
  4511 | D:5      | Identified the +7 long sword "Bocs" {freeze, *Rage rElec
                  | Will++ rCorr}
  4583 | D:5      | Found a runed translucent door.
  4863 | D:5      | Reached skill level 6 in Spellcasting
  4965 | D:5      | Reached skill level 5 in Hexes
  5075 | D:6      | You fall into a shaft and drop 1 floor!
  5086 | D:7      | Upgraded the game from 0.29.1-13-g9f3cf754e1 to
                  | 0.29.1-14-g9c671dbff4
  5354 | D:6      | Reached XP level 8. HP: 41/41 MP: 14/19
  5355 | D:6      | Noticed Prince Ribbit
  5364 | D:6      | Killed Prince Ribbit
  5365 | D:6      | Reached skill level 7 in Spellcasting
  5365 | D:6      | Reached skill level 5 in Translocations
  5369 | D:6      | Noticed Edmund
  5466 | D:6      | Killed Edmund
  6332 | D:7      | Noticed Joseph
  6367 | D:7      | Killed Joseph
  6368 | D:7      | Reached skill level 8 in Spellcasting
  6368 | D:7      | Reached XP level 9. HP: 26/45 MP: 8/23
  7125 | D:7      | Found a staircase to the Ecumenical Temple.
  7134 | Temple   | Entered the Ecumenical Temple
  7141 | Temple   | Became a worshipper of Vehumet
  7306 | D:8      | Reached skill level 9 in Spellcasting
  7316 | D:7      | Reached skill level 1 in Evocations
  7424 | D:8      | Found a large runed translucent door.
  7424 | D:8      | Found a large runed translucent door.
  7426 | D:8      | Noticed Zippel's ghost (novice HuWn)
  7434 | D:8      | Found a flagged portal.
  7577 | Bailey   | Entered a bailey
  7721 | Bailey   | Reached skill level 1 in Fighting
  7952 | Bailey   | Noticed an orc knight
  7967 | Bailey   | Killed an orc knight
  7968 | Bailey   | Reached XP level 10. HP: 52/52 MP: 8/25
  8226 | D:8      | Reached * piety under Vehumet
  8226 | D:8      | Offered knowledge of Shock by Vehumet.
  8353 | D:8      | Noticed Maurice
  8510 | D:8      | Killed Maurice
  8764 | D:8      | Reached skill level 10 in Spellcasting
  9636 | D:9      | Found a staircase to the Orcish Mines.
  9774 | D:9      | Noticed a two-headed ogre
  9780 | D:9      | Killed a two-headed ogre
 10153 | D:9      | Noticed Psyche
 10184 | D:9      | Killed Psyche
 10261 | D:10     | Entered Level 10 of the Dungeon
 10340 | D:10     | Found a portal to a secret trove of treasure.
 10648 | D:10     | Found a staircase to the Lair.
 10656 | D:10     | Noticed a two-headed ogre
 10677 | D:10     | Killed a two-headed ogre
 10678 | D:10     | Reached skill level 5 in Stealth
 10678 | D:10     | Reached skill level 10 in Hexes
 10759 | D:10     | Found Adash's Antique Weapon Shoppe.
 10865 | D:10     | Reached skill level 5 in Dodging
 10865 | D:10     | Reached XP level 11. HP: 58/58 MP: 23/27
 11099 | D:11     | Found a runed translucent door.
 11099 | D:11     | Noticed an ettin
 11099 | D:11     | Noticed a skeletal warrior
 11101 | D:11     | Found a runed translucent door.
 11102 | D:11     | Noticed a tengu reaver
 11102 | D:11     | Noticed a lich
 11106 | D:11     | Noticed Henri's ghost (journeyman SpAM)
 11107 | D:11     | Noticed a necromancer
 11245 | D:11     | Noticed a seven-headed hydra
 11265 | D:11     | Killed a seven-headed hydra
 11266 | D:11     | Reached skill level 11 in Spellcasting
 11266 | D:11     | Reached skill level 10 in Conjurations
 11625 | D:11     | Identified the amulet of Exhibitionism {Reflect rF+ Int+2
                  | SH+5}
 11714 | Lair:1   | Entered Level 1 of the Lair of Beasts
 11750 | Lair:1   | Noticed Harold
 11760 | Lair:1   | Killed Harold
 11999 | Lair:1   | Found an ornate altar of the Wu Jian Council.
 11999 | Lair:1   | Found a hide-covered altar of Uskayaw.
 11999 | Lair:1   | Noticed a boulder beetle
 12009 | Lair:1   | Killed a boulder beetle
 12047 | Lair:1   | Reached ** piety under Vehumet
 12047 | Lair:1   | Offered knowledge of Foxfire by Vehumet.
 12409 | Lair:2   | Reached skill level 12 in Spellcasting
 12409 | Lair:2   | Noticed Urug
 12700 | Lair:2   | Reached skill level 1 in Throwing
 12999 | Lair:2   | Killed Urug
 13000 | Lair:2   | Reached XP level 12. HP: 65/65 MP: 14/30
 13146 | Lair:2   | Reached skill level 10 in Translocations
 13239 | Lair:2   | Offered knowledge of Scorch by Vehumet.
 13310 | Lair:2   | Found a staircase to the Shoals.
 13782 | Lair:3   | Reached *** piety under Vehumet
 13953 | Lair:3   | Noticed Kirke
 13955 | Lair:3   | Reached skill level 13 in Spellcasting
 14099 | Lair:3   | HP: 3/66 [komodo dragon (21)]
 14431 | Lair:3   | Noticed a seven-headed hydra
 14440 | Lair:3   | Noticed a catoblepas
 14443 | Lair:3   | Killed a seven-headed hydra
 14539 | Lair:3   | Reached skill level 5 in Fighting
 14539 | Lair:3   | Reached skill level 14 in Spellcasting
 14539 | Lair:3   | Reached XP level 13. HP: 72/72 MP: 31/33
 14540 | Lair:3   | Reached skill level 15 in Spellcasting
 14540 | Lair:3   | Reached XP level 14. HP: 78/78 MP: 31/35
 14542 | Lair:3   | Identified the +3 chain mail of Tous {Dex+5}
 14588 | Lair:3   | Killed Kirke
 14908 | Lair:3   | Offered knowledge of Ignite Poison by Vehumet.
 14915 | Lair:2   | Learned a level 3 spell: Ignite Poison
 15003 | Lair:3   | Found a hole to the Spider Nest.
 15698 | Lair:4   | Found a staircase to the Slime Pits.
 15730 | Lair:4   | Reached skill level 16 in Spellcasting
 16614 | Lair:5   | Entered Level 5 of the Lair of Beasts
 16735 | Lair:5   | Reached skill level 1 in Poison Magic
 16753 | Lair:5   | Reached skill level 1 in Transmutations
 16848 | Lair:5   | Reached **** piety under Vehumet
 16995 | Lair:5   | Offered knowledge of Stone Arrow by Vehumet.
 17375 | Lair:4   | Reached XP level 15. HP: 72/84 MP: 5/37
 17553 | Lair:5   | Noticed Josephine
 17562 | Lair:5   | Killed Josephine
 17571 | Lair:5   | Reached skill level 10 in Stealth
 17759 | Lair:5   | Reached ***** piety under Vehumet
 17759 | Lair:5   | Offered knowledge of Fireball by Vehumet.
 17760 | Lair:5   | Reached skill level 17 in Spellcasting
 17774 | Lair:4   | Learned a level 5 spell: Fireball
 17879 | Lair:5   | Reached skill level 1 in Fire Magic
 18100 | Lair:5   | Noticed Rupert
 18113 | Lair:5   | Found the +7 Kryia's mail coat {PotionHeal*2 rC+}
 18360 | Lair:5   | Reached skill level 15 in Conjurations
 18396 | Lair:5   | Killed Rupert
 19036 | Orc:1    | Entered Level 1 of the Orcish Mines
 19206 | Orc:1    | Noticed an orc warlord
 19216 | Orc:1    | Killed an orc warlord
 20050 | Orc:2    | Entered Level 2 of the Orcish Mines
 20050 | Orc:2    | Found a staircase to the Elven Halls.
 20056 | Orc:2    | Offered knowledge of Sticky Flame by Vehumet.
 20195 | Orc:2    | Found Biroqoopn's Antique Weapon Shop.
 20222 | Orc:2    | Found Vaweir's Weapon Boutique.
 20263 | Orc:2    | Reached skill level 5 in Fire Magic
 20675 | Orc:2    | Reached skill level 18 in Spellcasting
 21160 | Orc:2    | Found Xocha's Distillery.
 21395 | Orc:2    | Found Cuivirgh's Book Shoppe.
 21722 | Orc:2    | Found Zamuhug's Weapon Shoppe.
 21722 | Orc:2    | Found Enatakk's Magic Scroll Emporium.
 21723 | Orc:2    | Found Nuzih's Jewellery Emporium.
 21727 | Orc:2    | Found Heumua's Book Shoppe.
 21733 | Orc:2    | Bought a scroll of acquirement for 624 gold pieces
 21737 | Orc:2    | Acquired a book of Power
 21746 | Orc:2    | Learned a level 6 spell: Iron Shot
 21822 | Orc:2    | Found Woafreclo's Antique Weapon Emporium.
 22481 | D:12     | Offered knowledge of Orb of Destruction by Vehumet.
 22495 | D:11     | Learned a level 7 spell: Orb of Destruction
 22504 | D:12     | Reached skill level 1 in Earth Magic
 22576 | D:12     | Found Waiwin's General Store.
 22601 | D:12     | Found Itiecroba's Distillery.
 22658 | D:12     | Found a gate leading to a gauntlet.
 22667 | Gauntlet | Entered a Gauntlet
 22667 | Gauntlet | Found a transporter.
 22667 | Gauntlet | Found a runed translucent door.
 22667 | Gauntlet | Found a transporter.
 22673 | Gauntlet | Found a transporter.
 22686 | Gauntlet | Found a transporter.
 22702 | Gauntlet | Found a large runed translucent door.
 22703 | Gauntlet | Found a large runed translucent door.
 22703 | Gauntlet | Found a large runed translucent door.
 22703 | Gauntlet | Found a large runed translucent door.
 22704 | Gauntlet | Found a large runed translucent door.
 22704 | Gauntlet | Found a large runed translucent door.
 22704 | Gauntlet | Found a large runed translucent door.
 22704 | Gauntlet | Found a large runed translucent door.
 22705 | Gauntlet | Found a runed translucent door.
 22705 | Gauntlet | Found a runed translucent gate.
 22706 | Gauntlet | Found a transporter.
 22706 | Gauntlet | Found a transporter.
 22706 | Gauntlet | Found a runed translucent gate.
 22707 | Gauntlet | Found a transporter.
 22708 | Gauntlet | Found a runed translucent door.
 22708 | Gauntlet | Found a runed translucent gate.
 22710 | Gauntlet | Found a transporter.
 22710 | Gauntlet | Found a transporter.
 22723 | Gauntlet | Found a runed translucent gate.
 22723 | Gauntlet | Found a runed translucent gate.
 22723 | Gauntlet | Found a runed translucent gate.
 22726 | Gauntlet | Found a transporter.
 22745 | Gauntlet | Found a transporter.
 22769 | Gauntlet | Found a transporter.
 22774 | Gauntlet | Found a transporter.
 22827 | Gauntlet | Found a large runed translucent door.
 22828 | Gauntlet | Found a large runed translucent door.
 22828 | Gauntlet | Found a large runed translucent door.
 22829 | Gauntlet | Found a large runed translucent door.
 22829 | Gauntlet | Found a large runed translucent door.
 22829 | Gauntlet | Found a large runed translucent door.
 22829 | Gauntlet | Found a large runed translucent door.
 22833 | Gauntlet | Found a large runed translucent door.
 22838 | Gauntlet | Found a transporter.
 22848 | Gauntlet | Found a runed translucent door.
 23005 | Gauntlet | Identified the ring "Jauvih" {Wiz rCorr Str+3}
 23419 | Gauntlet | Got the Directory of Superposition
 23827 | D:12     | Found Hoxtagui's Distillery.
 23843 | D:12     | Found Gem Ypto's Distillery.
 24232 | D:12     | Found Tisott's Jewellery Emporium.
 24365 | D:12     | Bought an amulet of magic regeneration for 390 gold pieces
 24447 | D:13     | Reached XP level 16. HP: 62/92 MP: 29/40
 24549 | D:13     | Identified the +5 mace of Grandeur {vorpal, Fly rC+}
 24719 | D:13     | Acquired the Directory of the Known World
 24779 | D:13     | Learned a level 6 spell: Conjure Ball Lightning
 24868 | Orc:2    | Bought the ring "Oclosm" {rElec rC+ rN+} for 574 gold
                  | pieces
 25877 | D:13     | Found a runed translucent door.
 26406 | D:14     | Noticed Nessos
 26406 | D:14     | Found a gate to the Vaults.
 26411 | D:14     | HP: 4/92 [Nessos/arrow (21)]
 26412 | D:14     | Reached skill level 1 in Shields
 26412 | D:14     | Succumbed to Nessos's poison

Illustrated notes

Levels and vault maps discovered:
D:1:      eino_arrival_tree_alley, layout_basic, shapermc_ecumenical_altar_petra
D:2:      layout_basic, serial_corexii_hall, chequers_hall_statues_wall_a,
          chequers_hall_statues_wall_a, minmay_misc_feat_columns
D:3:      layout_loops_corners, mrwooster_statue_mirror, fountainhead,
          grunt_ministairs_2
D:4:      layout_basic, grunt_temple_overflow_cloverleaf, uniq_grinder
D:5:      layout_cave_pods, ebering_ghost_sewer_f, serial_bayou,
          serial_bayou_crossing, serial_bayou_pond_e, serial_bayou_pond_e,
          serial_bayou_pond_b, serial_bayou_ford_a, serial_bayou_pond_e,
          portal_sewer_entry_a
D:6:      layout_basic, uniq_edmund, uniq_prince_ribbit1
D:7:      layout_cave_pools, minmay_temple_entry_poolview, uniq_joseph
D:8:      layout_gridville, enter_bailey_5, ebering_ghost_disaster_area,
          uniq_maurice
D:9:      layout_basic, orc_0_dummy, nicolae_figureground_pulse, uniq_psyche
D:10:     layout_irregular_city, david_lair_shrubbed,
          nicolae_trove_entry_crossroad, serial_shops, nicolae_stop_n_shop_1,
          minmay_nine_imps
D:11:     layout_rooms, muffindrake_ghost_dual_entry
D:12:     layout_roguey, serial_shops, nicolae_shop_statue_plus,
          nicolae_shop_temple_entry_statues_fountains, shop, shop_statue, shop,
          gauntlet_entry_generic
D:13:     cheibrodos_shockbox, layout_stronghold
D:14:     layout_irregular_city, david_vaults_3, chequers_serial_rivers_room_b,
          minmay_rotating_lava
Temple:   nicolae_temple_no_exploring_needed
Lair:1:   layout_roguey, chequers_serial_rivers_micro_c, st_stairs_5,
          small_statue_intersection, nzn_masters_of_martial_movement,
          serial_bayou_shore_a, uniq_harold
Lair:2:   hellmonk_destroyed_diamonds, layout_concentric_octagons,
          minmay_shoals_entry_beasts, special_room [special_room_bee], uniq_urug
Lair:3:   layout_regular_city, spider_nest_entry_webs,
          kennysheep_basilisk_garden, grunt_megastairs_4,
          infiniplex_staircase_pool, lemuel_fruit_fields, uniq_kirke
Lair:4:   layout_loops_ring, minmay_slime_entry_oklob_open
Lair:5:   minmay_lair_end_frog_pond, layout_loops_ring, lemuel_fruit_tree,
          uniq_rupert, uniq_josephine
Orc:1:    lemuel_ogre_cave, layout_caves, basic_altar
Orc:2:    st_orc_mages, layout_caves, serial_shops, shop,
          nicolae_shop_competitors_out_of_business,
          nicolae_shop_window_shopping,
          nicolae_shop_temple_entry_statues_fountains, shop_fountains

Skill      XL: |  1  2  3  4  5  6  7  8  9 10 11 12 13 14 15 16 |
---------------+-------------------------------------------------+-----
Hexes          | 1 2 3 4 5 7 8 10 | 10.0
Translocations | 1 2 3 4 6 7 8 9 10 | 10.0
Stealth        | 3 5 6 8 9 10 | 10.0
Spellcasting   | 4 5 6 8 9 10 12 14 15 16 18 | 18.8
Dodging        | 3 5 6 |  6.0
Conjurations   | 5 6 7 8 9 11 12 13 14 16 | 16.3
Evocations     | 1 3 |  3.0
Fighting       | 1 2 3 5 6 7 |  7.8
Throwing       | 1 2 |  2.0
Poison Magic   | 2 3 |  3.0
Transmutations | 2 3 |  3.0
Fire Magic     | 6 7 |  7.2
Earth Magic    | 2 3 |  3.4
Shields        | 1 |  1.0

Action                   |  1- 3 |  4- 6 |  7- 9 | 10-12 | 13-15 | 16-18 || total
-------------------------+-------+-------+-------+-------+-------+-------++-------
Melee: Spear             |    18 |       |       |       |       |       ||    18
       Short sword       |       |    13 |     5 |     2 |       |       ||    20
       Long sword        |       |       |       |    12 |    14 |       ||    26
Throw: Dart              |       |       |       |     7 |       |       ||     7
 Cast: Magic Dart        |    43 |    44 |    41 |    11 |     3 |       ||   142
       Searing Ray       |     5 |    15 |    22 |    12 |    11 |       ||    65
       Fulminant Prism   |       |     5 |    41 |   125 |   215 |     5 ||   391
       Iskenderun's Myst |       |       |     9 |    41 |   132 |     8 ||   190
       Iron Shot         |       |       |       |       |    31 |     7 ||    38
       Fireball          |       |       |       |       |    30 |     1 ||    31
       Orb of Destructio |       |       |       |       |     2 |     2 ||     4
       Conjure Ball Ligh |       |       |       |       |       |     9 ||     9
  Use: Scroll            |       |    10 |     2 |    12 |    14 |     2 ||    40
       Potion            |       |       |       |     2 |     3 |       ||     5
 Stab: Sleeping          |     2 |       |       |     1 |       |       ||     3
Armor: Robe              |     5 |     3 |     6 |     4 |     8 |       ||    26
Dodge: Dodged            |    13 |     8 |    23 |    43 |    77 |     5 ||   169
Block: Other             |       |       |       |       |    12 |       ||    12
       Reflection        |       |       |       |       |     3 |       ||     3
